 Dungeon Crawl Stone Soup version 0.28.0-1-gb440e238dd (webtiles) character file.

Game seed: 9202261880423704910

75 themarg the Protected (level 4, -3/32 HPs)
             Began as a Gnoll Wanderer on Feb 23, 2022.
             Slain by Grinder (6 damage)
             ... on level 3 of the Dungeon.
             The game lasted 00:08:52 (3113 turns).

themarg the Protected (Gnoll Wanderer)              Turns: 3113, Time: 00:08:53

Health: -3/32      AC: 11    Str:  9    XL:     4   Next: 31%
Magic:  6/8        EV:  9    Int: 12    God:
Gold:   105        SH:  4    Dex: 15    Spells: 8/9 levels left

rFire   + . .      SeeInvis .   u - +2 dagger (freeze)
rCold   . . .      Faith    .   f - +0 buckler
rNeg    . . .      Spirit   .   c - +2 scale mail
rPois   .          Reflect  .   (no helmet)
rElec   .          Harm     .   (no cloak)
rCorr   .          Rampage  .   r - +0 pair of gloves
Will    .....                   (no boots)
Stlth   ..........              (no amulet)
HPRegen 0.10/turn               i - ring of protection from fire
MPRegen 0.11/turn               (no ring)

@: no status effects
A: fangs 1, strong nose, distributed training
a: no special abilities


You were on level 3 of the Dungeon.
You visited 1 branch of the dungeon, and saw 3 of its levels.

You collected 105 gold pieces.

Inventory:

Hand Weapons
 a - a +0 dagger
 g - a +0 short sword
 h - a +0 whip of draining
 u - a +2 dagger of freezing (weapon)
Missiles
 e - 55 stones
Armour
 c - a +2 scale mail (worn)
 f - a +0 buckler (worn)
 r - a +0 pair of gloves (worn)
Jewellery
 d - an amulet of faith
 i - a ring of protection from fire (left hand)
Scrolls
 b - a scroll of fog
 j - a scroll of blinking {unknown}
 k - 2 scrolls of amnesia {unknown}
 l - 3 scrolls of enchant armour {unknown}
 m - a scroll of identify {unknown}
 o - a scroll of teleportation {unknown}
 v - a scroll of noise {unknown}
Potions
 n - a potion of brilliance {unknown}
 p - a potion of heal wounds {unknown}
 q - a potion of mutation {unknown}
 s - a potion of curing {unknown}
 t - a potion of haste {unknown}


   Skills:
 + Level 1.1 Fighting
 + Level 1.1 Short Blades
 + Level 1.1 Long Blades
 + Level 1.1 Axes
 + Level 1.1 Maces & Flails
 + Level 1.1 Polearms
 + Level 1.1 Staves
 + Level 1.1 Slings
 + Level 1.1 Bows
 + Level 1.1 Crossbows
 + Level 1.1 Throwing
 + Level 8.5 Armour
 + Level 2.7 Dodging
 + Level 1.1 Stealth
 + Level 1.1 Shields
 + Level 1.1 Unarmed Combat
 + Level 3.0 Spellcasting
 + Level 0.8 Conjurations
 + Level 5.4 Hexes
 + Level 0.8 Summonings
 + Level 0.8 Necromancy
 + Level 0.8 Translocations
 + Level 0.8 Transmutations
 + Level 0.8 Fire Magic
 + Level 0.8 Ice Magic
 + Level 0.8 Air Magic
 + Level 0.8 Earth Magic
 + Level 0.8 Poison Magic
 + Level 1.2 Invocations
 + Level 2.7 Evocations


You had 8 spell levels left.
You knew the following spells:

 Your Spells              Type           Power      Damage    Failure   Level
a - Slow                  Hex            56%        N/A       21%         1

Your spell library contained the following spells:

 Spells                   Type           Power      Damage    Failure   Level
 Dazzling Flash           Conj/Hex       18%        N/A       83%         3


Dungeon Overview and Level Annotations

Branches:
Dungeon (3/15)

Altars:
Vehumet

Annotations:
D:3 Grinder


Innate Abilities, Weirdness & Mutations

You have very sharp teeth.
Your uncanny sense of smell can sniff out nearby items.
Your experience applies equally to all skills.


Message History

Grinder is moderately wounded.
Grinder says, "FISH!"
Grinder hits you but does no damage.
You hit Grinder.
Grinder is heavily wounded.
Grinder gestures at you. Pain shoots through your body!
You closely miss Grinder. Your bite misses Grinder.
Grinder is moderately wounded.
Grinder hits you.
You writhe in agony.
* * * LOW HITPOINT WARNING * * *
You closely miss Grinder. You bite Grinder, but do no damage.
Grinder is moderately wounded.
Grinder hits you but does no damage.
You barely miss Grinder.
Grinder is moderately wounded.
Grinder blinks!
Casting: Slow (safe; 21% risk of failure)
Confirm with . or Enter, or press ? or * to list all spells.
Aiming: Slow (safe; 21% risk of failure)
Press: ? - help, Shift-Dir - straight line, f/p - Grinder
Aim: Grinder (moderately wounded, chance to affect: 53%) Grinder resists with significant effort.
Casting: Slow (safe; 21% risk of failure)
Confirm with . or Enter, or press ? or * to list all spells.
Aiming: Slow (safe; 21% risk of failure)
Press: ? - help, Shift-Dir - straight line, f/p - Grinder
Aim: Grinder (moderately wounded, chance to affect: 53%) Grinder seems to slow down.
Grinder says, "Are you a fish?" Grinder hits you.
* * * LOW HITPOINT WARNING * * *
You barely miss Grinder.
Grinder is moderately wounded.
You hit Grinder but do no damage.
Grinder is moderately wounded.
Grinder hits you.
* * * LOW HITPOINT WARNING * * *
You writhe in agony.
You die...

.. ..### ....########
#.........# ####
#.........# #...
#.....$...# #...
#(..5.....#########..#
#....@.......)......##
#.............#######.#.
###.........#.# #.#.
###..######..## #.+. #..
##....# ###. #.. ###..##
#. ... ... ##
...........## ###.###
..........###......


You could see Grinder (slow).

Vanquished Creatures
  An adder (D:2)
  A worm (D:2)
  2 dart slugs
  An orc (D:3)
  8 ball pythons
  7 bats
  5 endoplasms
  3 giant cockroaches
  2 goblins
  A hobgoblin (D:2)
  3 jackals (D:2)
  8 kobolds
  2 quokkas (D:1)
  3 frilled lizards
  7 rats
54 creatures vanquished.

Notes
Turn   | Place    | Note
-------+----------+-------------------------------------------
     0 | D:1      | themarg the Gnoll Wanderer began the quest for the Orb.
     0 | D:1      | themarg set off with the following items: a +0 dagger, a
                  | scroll of fog, a +2 scale mail; and the following spell
                  | memorised: Slow; and the following spells available to
                  | memorise: Dazzling Flash
     0 | D:1      | Reached XP level 1. HP: 13/13 MP: 4/4
   643 | D:1      | Reached XP level 2. HP: 17/19 MP: 5/5
  1540 | D:1      | Reached XP level 3. HP: 20/25 MP: 7/7
  1887 | D:2      | Reached skill level 1 in Invocations
  2054 | D:2      | Reached skill level 1 in Fighting
  2054 | D:2      | Reached skill level 1 in Short Blades
  2054 | D:2      | Reached skill level 1 in Long Blades
  2054 | D:2      | Reached skill level 1 in Axes
  2054 | D:2      | Reached skill level 1 in Maces & Flails
  2054 | D:2      | Reached skill level 1 in Polearms
  2054 | D:2      | Reached skill level 1 in Staves
  2054 | D:2      | Reached skill level 1 in Slings
  2054 | D:2      | Reached skill level 1 in Bows
  2054 | D:2      | Reached skill level 1 in Crossbows
  2054 | D:2      | Reached skill level 1 in Throwing
  2054 | D:2      | Reached skill level 1 in Stealth
  2054 | D:2      | Reached skill level 1 in Shields
  2054 | D:2      | Reached skill level 1 in Unarmed Combat
  2248 | D:2      | Reached XP level 4. HP: 22/32 MP: 8/8
  2647 | D:2      | Found a faded altar of an unknown god.
  3030 | D:3      | Found a radiant altar of Vehumet.
  3072 | D:3      | Noticed Grinder
  3113 | D:3      | Slain by Grinder

Illustrated notes

Levels and vault maps discovered:
D:1:      matt_arrival_refuge, layout_basic
D:2:      layout_basic, hellmonk_ecumenical_altar_slurped_away
D:3:      layout_rooms, nicolae_vehumet_altar_sigil, uniq_grinder,
          uniq_crazy_yiuf_cottage

Skill      XL: |  1  2  3  4 |
---------------+-------------+-----
Invocations    | 1 |  1.2
Fighting       | 1 |  1.1
Short Blades   | 1 |  1.1
Long Blades    | 1 |  1.1
Axes           | 1 |  1.1
Maces & Flails | 1 |  1.1
Polearms       | 1 |  1.1
Staves         | 1 |  1.1
Slings         | 1 |  1.1
Bows           | 1 |  1.1
Crossbows      | 1 |  1.1
Throwing       | 1 |  1.1
Stealth        | 1 |  1.1
Shields        | 1 |  1.1
Unarmed Combat | 1 |  1.1
Spellcasting   | 3 |  3.0
Armour         | |  8.5
Dodging        | |  2.7
Conjurations   | |  0.8
Hexes          | |  5.4
Summonings     | |  0.8
Necromancy     | |  0.8
Translocations | |  0.8
Transmutations | |  0.8
Fire Magic     | |  0.8
Ice Magic      | |  0.8
Air Magic      | |  0.8
Earth Magic    | |  0.8
Poison Magic   | |  0.8
Evocations     | |  2.7

Action                   |  1- 3 |  4- 6 || total
-------------------------+-------+-------++-------
Melee: Dagger            |    77 |    26 ||   103
       Bite              |    14 |     5 ||    19
       Whip              |   123 |    39 ||   162
       Short sword       |    21 |       ||    21
 Cast: Slow              |    24 |    18 ||    42
Armor: Scale mail        |   136 |    15 ||   151
Dodge: Dodged            |    95 |    10 ||   105
Block: Buckler           |    29 |     4 ||    33
